 Dungeon Crawl Stone Soup version 0.29.1-12-g30fa7ad0bf (webtiles) character file.

Game seed: 1671545989139995410

399 boopmooplesden the Chopper (level 7, -6/60 HPs)
             Began as a Meteoran Fighter on Jan 8, 2023.
             Was an Initiate of Trog.
             Mangled by a gnoll
             ... wielding a +0 halberd
              (8 damage)
             ... on level 4 of the Dungeon.
             The game lasted 00:07:30 (1831 turns).

boopmooplesden the Chopper (Meteoran Fighter)       Turns: 1831, Time: 00:07:32

Health: -6/60      AC:  7    Str: 18    XL:     7   Next: 32%
Magic:  8/8        EV:  6    Int:  9    God:    Trog [......]
Gold:   160        SH: 13    Dex: 14    Spells: 6/6 levels left

rFire   . . .      SeeInvis .   a - +2 war axe
rCold   . . .      Faith    .   v - +0 tower shield
rNeg    . . .      Spirit   .   b - +0 scale mail
rPois   .          Reflect  .   (no helmet)
rElec   .          Harm     .   (no cloak)
rCorr   .          Rampage  .   (no gloves)
Will    .....                   (no boots)
Stlth   ..........              (no amulet)
HPRegen 0.20/turn               (no ring)
MPRegen 0.11/turn               (no ring)

@: mighty, flying (expiring), glowing
A: sense surroundings 1, otherworldly, glowing, explore regen, fangs 1, weak 1
a: Renounce Religion


You were on level 4 of the Dungeon.
You worshipped Trog.
Trog was noncommittal.
You visited 2 branches of the dungeon, and saw 5 of its levels.

You collected 160 gold pieces.

Inventory:

Hand Weapons
 a - a +2 war axe (weapon)
 g - a +2 vorpal sling
Armour
 b - a +0 scale mail (worn)
 c - a +0 buckler
 v - a +0 tower shield (worn)
Jewellery
 k - an amulet of regeneration
 o - a +4 ring of slaying
Wands
 q - a wand of polymorph (6)
Scrolls
 i - 4 scrolls of identify
 l - a scroll of enchant weapon
 n - a scroll of noise
 s - a scroll of brand weapon {unknown}
 t - a scroll of vulnerability {unknown}
Potions
 d - a potion of might
 e - a potion of attraction
 f - a potion of flight
 h - a potion of mutation
 j - 2 potions of lignification
 u - a potion of heal wounds {unknown}


   Skills:
 + Level 4.5 Fighting
 + Level 6.1 Axes
 + Level 4.8 Armour
 + Level 1.7 Dodging
 + Level 0.1 Stealth
 + Level 4.5 Shields


You had 6 spell levels left.
You didn't know any spells.
Your spell library was empty.

Dungeon Overview and Level Annotations

Branches:
Dungeon (4/15) Zot: 556    Temple (1/1) D:4 Zot: 531

Altars:
Ashenzari
Cheibriados
Dithmenos
Gozag
Nemelex Xobeh
Okawaru
Qazlal
Sif Muna
Trog
Vehumet
Xom
Yredelemnul


Innate Abilities, Weirdness & Mutations

You passively map a small area around you.
You are easily found by Zot.
You glow in the dark.
You regain HP and MP as you explore.
You have very sharp teeth.
You are weak. (Str -2)


Message History

The hound is moderately wounded.
You block the hound's attack. The hound bites you.
You closely miss the hound.
The hound is moderately wounded.
The hound bites you. You block the hound's attack.
You barely miss the hound. You bite the hound, but do no damage.
The hound is moderately wounded.
You block the hound's attack.
The gnoll closely misses your butterfly.
You block the hound's attack. The hound bites you but does no damage.
You slash the hound!
The hound is almost dead.
The hound bites you but does no damage.
A gnoll opens the door.
The gnoll closely misses your butterfly.
You block the hound's attack.
You slash the hound!
You kill the hound!
Trog accepts your kill. The gnoll misses your butterfly.
Your Axes skill increases to level 6!
The gnoll misses your butterfly.
Your butterfly disappears in a burst of colours!
You feel very mighty all of a sudden. The gnoll hits you with a +0 spear.
You barely miss the gnoll. You block the gnoll's attack. x2
The gnoll hits you from afar with a +0 halberd.
* * * LOW HITPOINT WARNING * * *
The gnoll hits you but does no damage.
You barely miss the gnoll.
You are starting to lose your buoyancy.
You block the gnoll's attack.
The gnoll hits you from afar with a +0 halberd.
* * * LOW HITPOINT WARNING * * *
You slash the gnoll!
You kill the gnoll!
Trog accepts your kill.
The gnoll hits you from afar with a +0 halberd!
* * * LOW HITPOINT WARNING * * *
The gnoll hits you from afar with a +0 halberd!
You die...

...###'##'##+###.#
...#b..g.#.....#.#
...#.....#.....#.#
...g##+##+##+##'.#
..)#..#,,,,,*,,#.#
...#..#+***+*,,#.#
...#..#,,,,,*,,#g#
.#.+..+,,_,,+,,+)#
####..#,,,,,*,,#@#
...*..#'***+*,,#.#
...*..#,,,,,*,,#.#
#..+**'**+**'**+.#
#,.*,,,,,*,,,,,###
#,,*,,,,,*,,,,,*
*,,***+**+**'***
*,,,,,,,*,**,*
*,,,,,,,,,,,,*


You could see a gnoll.

Vanquished Creatures
  Edmund (D:4)
  An ogre (D:4)
  A scorpion (D:4)
  A hound (D:4)
  2 gnolls (D:4)
  3 adders (D:4)
  A worm (D:2)
  An orc (D:3)
  2 ball pythons
  5 endoplasms
  3 giant cockroaches
  8 hobgoblins
  2 jackals (D:3)
  5 kobolds
  2 quokkas
  9 bats
  4 frilled lizards
  14 goblins
  5 rats
  A butterfly (D:4)
71 creatures vanquished.

Notes
Turn   | Place    | Note
-------+----------+-------------------------------------------
     0 | D:1      | boopmooplesden the Meteoran Fighter began the quest for the
                  | Orb.
     0 | D:1      | Reached XP level 1. HP: 19/19 MP: 2/2
    99 | D:1      | Reached XP level 2. HP: 26/26 MP: 3/3
   381 | D:1      | Reached XP level 3. HP: 31/31 MP: 4/4
   386 | D:1      | Found a faded altar of an unknown god.
   476 | D:1      | Glimpsed the power of Zot.
   557 | D:2      | Found a snail-covered altar of Cheibriados.
   596 | D:2      | Reached skill level 3 in Axes
   645 | D:2      | Reached XP level 4. HP: 38/38 MP: 5/5
  1505 | D:4      | Noticed Edmund
  1505 | D:4      | Found a broken altar of Ashenzari.
  1516 | D:4      | Killed Edmund
  1517 | D:4      | Reached skill level 5 in Axes
  1517 | D:4      | Reached skill level 1 in Dodging
  1517 | D:4      | Reached XP level 5. HP: 46/46 MP: 6/6
  1517 | D:4      | Reached XP level 6. HP: 52/52 MP: 7/7
  1528 | D:4      | Found a staircase to the Ecumenical Temple.
  1548 | Temple   | Entered the Ecumenical Temple
  1602 | Temple   | Became a worshipper of Trog the Wrathful
  1626 | D:4      | Noticed an ogre
  1626 | D:4      | Noticed an ogre
  1740 | D:4      | Killed an ogre
  1741 | D:4      | Reached XP level 7. HP: 51/60 MP: 8/8
  1796 | D:4      | Gained mutation: You have very sharp teeth. [potion of
                  | mutation]
  1796 | D:4      | Gained mutation: You are weak. (Str -2) [potion of
                  | mutation]
  1824 | D:4      | Reached skill level 6 in Axes
  1831 | D:4      | HP: 2/60 [gnoll/+0 halberd (13)]
  1831 | D:4      | Mangled by a gnoll

Illustrated notes

Levels and vault maps discovered:
D:1:      minmay_arrival_solitary_statue, layout_loops_cross,
          dreamdust_ecumenical_altar_grove, serial_bayou_pond_d
D:2:      layout_loops_ring, basic_altar, grunt_ministairs_5
D:3:      layout_basic, item_on_display_b
D:4:      layout_rooms, amcnicky_altar_gilded, mainiacjoe_overflow_24_doors,
          minmay_temple_entry_butterflies, uniq_edmund
Temple:   zaba_magenta_temple

Skill      XL: |  1  2  3  4  5  6  7 |
---------------+----------------------+-----
Shields        | 4 |  4.5
Armour         | 4 |  4.8
Axes           | 3 5 6 |  6.1
Fighting       | 4 |  4.5
Dodging        | 1 |  1.7
Stealth        | |  0.1

Action                   |  1- 3 |  4- 6 |  7- 9 || total
-------------------------+-------+-------+-------++-------
Melee: War axe           |    85 |    76 |    17 ||   178
       Bite              |       |       |     1 ||     1
  Use: Scroll            |       |    10 |     2 ||    12
       Potion            |       |     1 |     4 ||     5
Armor: Scale mail        |    68 |    43 |    12 ||   123
Dodge: Dodged            |    42 |    35 |     4 ||    81
Block: Buckler           |    29 |    27 |       ||    56
       Tower shield      |       |       |    35 ||    35
